 Dungeon Crawl Stone Soup version 0.32-a0-673-g3729bd50f8 (webtiles) character file.

Game seed: 4915130214357756337

14607 pokeman the Eclecticist (level 11, -1/62 HPs)
             Began as a Deep Elf Hedge Wizard on Mar 10, 2024.
             Was a Priest of Vehumet.
             Slain by a troll (3 damage)
             ... on level 12 of the Dungeon.
             The game lasted 00:32:33 (14311 turns).

pokeman the Eclecticist (Deep Elf Hedge Wizard)    Turns: 14311, Time: 00:32:34

Health: -1/62      AC: 11    Str: 13    XL:     11   Next: 90%
Magic:  30/41      EV: 12    Int: 24    God:    Vehumet [***...]
Gold:   749        SH:  0    Dex: 17    Spells: 23/41 levels left

rFire   + . .        C - +1 short sword (elec)
rCold   . . .        (no shield)
rNeg    . . .        u - +3 leather armour
rPois   .            o - +0 helmet
rElec   .            Q - scarf {repulsion}
rCorr   .            (no gloves)
SInv    +            v - +2 pair of boots
Will    +....        (no amulet)
Stlth   +++          g - ring of magical power
HPRegen 0.30/turn    y - ring "Kinisuos" {rF+ Str+6 Dex+3 SInv}
MPRegen 0.27/turn

%: repel missiles
@: no status effects
A: no striking features
a: Renounce Religion


You were on level 12 of the Dungeon.
You worshipped Vehumet.
Vehumet was most pleased with you.
You visited 2 branches of the dungeon, and saw 13 of its levels.
You also visited: Bailey.

You collected 749 gold pieces.

Inventory:

Hand Weapons
 C - a +1 short sword of electrocution (weapon)
 S - a +2 trident of venom
Missiles
 H - a curare-tipped dart
Armour
 o - a +0 helmet (worn)
 u - a +3 leather armour (worn)
 v - a +2 pair of boots (worn)
 Q - a scarf of repulsion (worn)
 X - a +0 robe of resistance
Jewellery
 g - a ring of magical power (left hand)
 y - the ring "Kinisuos" (right hand) {rF+ Str+6 Dex+3 SInv}
   (You found it on level 4 of the Dungeon)

   [ring of strength]

   Str+6:     It affects your strength (+6).
   Dex+3:     It affects your dexterity (+3).
   rF+:       It protects you from fire.
   SInv:      It lets you see invisible.
 K - a ring of protection from fire
 N - a ring of wizardry
Wands
 D - a wand of roots (11)
 R - a wand of polymorph (6)
 V - a wand of light (2)
Scrolls
 i - 2 scrolls of blinking
 k - 8 scrolls of teleportation
 F - a scroll of revelation
 J - 2 scrolls of fog {unknown}
 L - 5 scrolls of poison {unknown}
 T - a scroll of enchant weapon {unknown}
Potions
 d - a potion of magic
 h - 3 potions of haste
 j - a potion of might {unknown}
 p - 5 potions of heal wounds
 t - a potion of attraction {unknown}
 x - 6 potions of curing {unknown}
 z - 2 potions of mutation {unknown}
 G - 3 potions of enlightenment {unknown}
 I - a potion of invisibility {unknown}
 M - a potion of cancellation {unknown}
 W - a potion of degeneration {unknown}


   Skills:
 + Level 4.4 Fighting
 - Level 5.0 Armour
 - Level 3.0 Dodging
 - Level 4.0 Stealth
 * Level 15.9 Spellcasting
 + Level 9.4 Conjurations
 - Level 1.1 Summonings
 - Level 1.1 Translocations
 + Level 4.3 Fire Magic
 + Level 8.5 Ice Magic
 - Level 1.0 Air Magic
 - Level 1.2 Earth Magic
 - Level 1.0 Alchemy
 - Level 1.1 Evocations


You had 23 spell levels left.
You knew the following spells:

 Your Spells              Type           Power      Damage    Failure   Level
a - Magic Dart            Conj           100%       1d8       1%          1
b - Mephitic Cloud        Conj/Alch/Air  37%        N/A       1%          3
c - Call Imp              Summ           48%        N/A       3%          2
d - Blink                 Tloc           48%        N/A       3%          2
e - Hailstorm             Conj/Ice       58%        3d11      1%          3
f - Stone Arrow           Conj/Erth      88%        3d12      1%          3
g - Flame Wave            Conj/Fire      51%        2d13      1%          4

Your spell library contained the following spells:

 Spells                   Type           Power      Damage    Failure   Level
 Ozocubu's Armour         Ice            57%        N/A       1%          3
 Summon Ice Beast         Ice/Summ       42%        N/A       1%          3
 Slow                     Hex            76%        N/A       3%          1
 Cigotuvi's Dreadful Rot  Necr/Alch/Air  44%        N/A       4%          2
 Sublimation of Blood     Necr           19%        N/A       5%          2
 Fugue of the Fallen      Necr           19%        N/A       11%         3
 Animate Armour           Summ/Erth      48%        N/A       22%         4
 Manifold Assault         Tloc           24%        N/A       22%         4
 Sculpt Simulacrum        Ice/Alch       21%        N/A       58%         6
 Lehudib's Crystal Spear  Conj/Erth      22%        10d6      99%         8
 Summon Hydra             Summ           12%        N/A       100%        7


Dungeon Overview and Level Annotations

Branches:
Dungeon (12/15)            Temple (1/1) D:5            Lair (0/5) D:11
    Orc (0/2) D:9          Bailey (visited)

Altars:
Ashenzari
Cheibriados
Dithmenos
Elyvilon
Fedhas
Gozag
Hepliaklqana
Kikubaaqudgha
Makhleb
Nemelex Xobeh
Okawaru
Qazlal
Ru
Sif Muna
Trog
Uskayaw
Vehumet
Xom
Yredelemnul
Zin
The Shining One

Annotations:
D:9 Islands


Message History

The hail pelts the wraith!
The wraith partially resists.
You destroy the wraith!
Vehumet accepts your kill.
You feel your power returning.
The hail pelts the howler monkey!!
You kill the howler monkey!
Vehumet accepts your kill.
You feel your power returning.
The hail misses the troll.
The unseen horror closely misses you.
Unknown command.
Unknown command.
Unknown command.
Casting: Hailstorm (safe; 1% risk of failure)
Confirm with . or Enter, or press ? or * to list all spells.
Casting: Hailstorm (safe; 1% risk of failure)
Press: ? - help, Dir - look around, f - activate A cannonade of hail descends around you!
The hail pelts the unseen horror!
The unseen horror is almost dead.
The hail pelts the troll!!
The troll is severely wounded.
The hail pelts the two-headed ogre!
The two-headed ogre is moderately wounded.
The sentinel's mark upon you fades away.
The unseen horror hits you but does no damage.
The unseen horror closely misses itself.
A gnoll sergeant comes into view. It is wielding a +0 spear.
Unknown command.
Unknown command.
The unseen horror barely misses the troll.
The unseen horror hits itself!
The unseen horror is killed!
Vehumet accepts your kill.
You feel your power returning.
Casting: Hailstorm (safe; 1% risk of failure)
Confirm with . or Enter, or press ? or * to list all spells.
A tiny devil pulls itself out of the air.
The troll bites you!
* * * LOW HITPOINT WARNING * * *
The troll claws you but does no damage. The troll claws you.
You die...

########.####
#........... #.#
#.####.#####
#######.### #.#
#.# #.........#
#.# #.#
#.#####.#.# #.#
#.# #####.#.###
#.# #.#
#.....5#..#
#.####.#####
#.##.##.#.#
#.........(.
#.##.##@#.#
#.##########
######.##T#.# ###
##....####O#.#
##......##C†#.#
#........#g##.#
#........#.##.#
#........#C..y#...
#.........V.W.T...
##.......)........


You could see a two-headed ogre, 2 cyclopes, a troll (ally target), a vampire, a
gnoll sergeant and a friendly cerulean imp (summoned).

Vanquished Creatures
  Pikel (D:7)
  An orc knight (Bailey)
  3 deep elf pyromancers
  3 manticores
  A cyclops (D:11)
  Maurice (D:11)
  An elephant (D:11)
  3 gargoyles
  2 unseen horrors
  A troll (D:10)
  4 slime creatures (D:12)
  4 shadows
  5 wraiths
  2 basilisks (D:11)
  A vampire (D:10)
  10 yaks
  6 vampire mosquitoes
  2 acid dragons
  A water moccasin (D:8)
  8 orc warriors
  2 black bears (D:6)
  A centaur (D:8)
  A phantom (D:6)
  2 gnoll sergeants
  A kobold brigand (D:7)
  A scorpion (D:6)
  4 bullfrogs
  4 wights (D:7)
  15 killer bees
  3 howler monkeys
  An electric eel (D:9)
  2 bombardier beetles
  A hound (D:6)
  4 orc priests
  5 jellies
  An iguana (D:4)
  A sleepcap (D:5)
  12 orc wizards
  6 gnolls
  5 adders
  A white imp (D:6)
  2 ufetubi (D:7)
  2 dart slugs
  2 ribbon worms
  50 orcs
  16 ball pythons
  3 bats
  7 endoplasms
  3 giant cockroaches
  10 goblins
  8 hobgoblins
  8 jackals (D:4)
  7 quokkas
  3 frilled lizards
  13 kobolds
  4 rats
271 creatures vanquished.

Vanquished Creatures (collateral kills)
  A lemure (D:7)
  A wight (D:7)
  A killer bee (D:7)
  An orc priest (D:5)
  Ijyb (D:3)
5 creatures vanquished.

Vanquished Creatures (others)
  An orc wizard (D:3)
1 creature vanquished.

Grand Total: 277 creatures vanquished

Notes
Turn   | Place    | Note
-------+----------+-------------------------------------------
     0 | D:1      | pokeman the Deep Elf Hedge Wizard began the quest for the
                  | Orb.
     0 | D:1      | Reached XP level 1. HP: 10/10 MP: 7/7
   261 | D:1      | Reached XP level 2. HP: 16/16 MP: 4/9
   684 | D:1      | Reached skill level 5 in Spellcasting
   871 | D:1      | Reached XP level 3. HP: 20/20 MP: 11/11
   875 | D:1      | Learned a level 3 spell: Mephitic Cloud
   878 | D:1      | Learned a level 2 spell: Call Imp
   884 | D:1      | Learned a level 2 spell: Blink
   888 | D:1      | Learned a level 3 spell: Hailstorm
  1341 | D:2      | Reached skill level 1 in Fighting
  1493 | D:2      | Reached skill level 1 in Armour
  1623 | D:2      | Reached XP level 4. HP: 25/25 MP: 13/13
  2071 | D:3      | Found a faded altar of an unknown god.
  2106 | D:3      | Noticed Ijyb
  2177 | D:3      | Killed Ijyb
  2715 | D:3      | Found a stormy altar of Qazlal.
  2744 | D:3      | Reached skill level 6 in Spellcasting
  2744 | D:3      | Reached XP level 5. HP: 25/29 MP: 9/15
  3827 | D:4      | Identified the ring "Kinisuos" {rF+ Str+6 Dex+3 SInv}
  4223 | D:4      | Reached skill level 1 in Evocations
  4372 | D:5      | Entered Level 5 of the Dungeon
  4385 | D:5      | Reached XP level 6. HP: 34/34 MP: 17/17
  4672 | D:5      | Reached skill level 7 in Spellcasting
  4674 | D:5      | Reached skill level 1 in Air Magic
  5019 | D:5      | Found a snail-covered altar of Cheibriados.
  5079 | D:5      | Found an ancient bone altar of Kikubaaqudgha.
  5103 | D:5      | Found a bloodstained altar of Trog.
  5125 | D:5      | Reached skill level 1 in Ice Magic
  5125 | D:5      | Reached skill level 1 in Alchemy
  5197 | D:5      | Found a staircase to the Ecumenical Temple.
  5206 | Temple   | Entered the Ecumenical Temple
  5214 | Temple   | Became a worshipper of Vehumet
  5344 | D:6      | Reached XP level 7. HP: 37/38 MP: 19/20
  5569 | D:6      | Reached skill level 8 in Spellcasting
  5901 | D:6      | Reached * piety under Vehumet
  5901 | D:6      | Offered knowledge of Freeze by Vehumet.
  6219 | D:6      | Reached XP level 8. HP: 33/44 MP: 20/22
  6654 | D:7      | Reached skill level 9 in Spellcasting
  6682 | D:7      | Reached skill level 5 in Conjurations
  7211 | D:7      | Reached skill level 10 in Spellcasting
  7231 | D:7      | Reached ** piety under Vehumet
  7231 | D:7      | Offered knowledge of Sting by Vehumet.
  7548 | D:7      | Noticed Pikel
  7560 | D:7      | Killed Pikel
  7561 | D:7      | Reached skill level 11 in Spellcasting
  7561 | D:7      | Reached XP level 9. HP: 48/48 MP: 13/26
  7696 | D:7      | Found a burning altar of Makhleb.
  8150 | D:8      | Reached skill level 5 in Ice Magic
  8529 | D:8      | Found an opulent altar of Gozag.
  8545 | D:8      | Reached skill level 12 in Spellcasting
  8836 | D:9      | Learned a level 3 spell: Stone Arrow
  8891 | D:9      | Found a flagged portal.
  8902 | Bailey   | Entered a bailey
  8961 | Bailey   | Reached skill level 1 in Earth Magic
  9081 | Bailey   | Offered knowledge of Volatile Blastmotes by Vehumet.
  9084 | Bailey   | Noticed an orc knight
  9085 | Bailey   | Reached XP level 10. HP: 47/56 MP: 9/28
  9204 | Bailey   | Killed an orc knight
  9298 | Bailey   | Found a large runed translucent door.
  9298 | Bailey   | Found a large runed translucent door.
  9299 | Bailey   | Noticed a deep elf pyromancer
  9333 | Bailey   | Killed a deep elf pyromancer
  9334 | Bailey   | Reached skill level 13 in Spellcasting
  9403 | Bailey   | Identified the +3 ring mail "Qoonkopn" {Rampage rF+ Int-3}
  9405 | Bailey   | Identified the +0 pair of boots of Usobium {rF++ Will+
                  | MP-9}
  9559 | D:9      | Found a staircase to the Orcish Mines.
 10465 | D:10     | Entered Level 10 of the Dungeon
 10664 | D:10     | Found a sparkling altar of Nemelex Xobeh.
 10741 | D:10     | Reached *** piety under Vehumet
 10943 | D:10     | Reached skill level 14 in Spellcasting
 11116 | D:10     | Offered knowledge of Flame Wave by Vehumet.
 11172 | D:10     | Learned a level 4 spell: Flame Wave
 11499 | D:10     | Reached skill level 1 in Fire Magic
 11889 | D:11     | Noticed a manticore
 11896 | D:11     | Killed a manticore
 11897 | D:11     | Reached XP level 11. HP: 61/61 MP: 31/31
 12096 | D:11     | Found a staircase to the Lair.
 12882 | D:11     | Noticed Maurice
 12895 | D:11     | Killed Maurice
 12900 | D:11     | Reached skill level 15 in Spellcasting
 13577 | D:12     | Noticed a deep elf pyromancer
 13589 | D:12     | Killed a deep elf pyromancer
 13849 | D:12     | Reached skill level 5 in Armour
 14165 | D:12     | Noticed a deep elf pyromancer
 14180 | D:12     | Killed a deep elf pyromancer
 14289 | D:12     | Noticed a two-headed ogre
 14311 | D:12     | HP: 2/62 [troll (14)]
 14311 | D:12     | Slain by a troll

Illustrated notes

Levels and vault maps discovered:
D:1:      mushboom_english_gardens, layout_basic, corner_web_ring
D:2:      layout_rooms, minmay_misc_feat_roman
D:3:      layout_basic, grunt_qazlal_clouds, ebering_ecumenical_altar_webs,
          nrook_mini_vaults, minmay_misc_feat_rows, serial_bayou_lake_a,
          uniq_ijyb
D:4:      layout_basic
D:5:      layout_basic, nicolae_overflow_hidden_temple,
          minmay_temple_entry_poolview, chequers_avenue
D:6:      layout_cave_pods
D:7:      layout_basic, lemuel_tele_altar, minmay_liquid_box,
          hangedman_abyss_or_decor_stabs, uniq_pikel
D:8:      layout_basic, kennysheep_little_box
D:9:      layout_cave_pods, orc_0_dummy, enter_bailey_3, water_boxes_lemuel
D:10:     layout_stronghold, lemuel_coloured_pillars_altar, minmay_orc_keep
D:11:     layout_loops_corners, david_lair_generic, uniq_maurice
D:12:     minmay_four_partial_circles, layout_loops_ring, bh_circular_ruins
Temple:   eino_temple_lava

Skill      XL: |  1  2  3  4  5  6  7  8  9 10 11 |
---------------+----------------------------------+-----
Spellcasting   | 5 6 7 8 11 12 14 15 | 15.9
Fighting       | 1 2 3 4 |  4.4
Armour         | 1 3 4 5 |  5.0
Conjurations   | 2 3 4 6 7 8 9 |  9.4
Dodging        | 3 |  3.0
Stealth        | 3 4 |  4.0
Evocations     | 1 |  1.1
Air Magic      | 1 |  1.0
Ice Magic      | 1 2 4 6 7 8 |  8.5
Alchemy        | 1 |  1.0
Earth Magic    | 1 |  1.2
Fire Magic     | 1 4 |  4.3
Summonings     | |  1.1
Translocations | |  1.1

Action                     |  1- 3 |  4- 6 |  7- 9 | 10-12 || total
---------------------------+-------+-------+-------+-------++-------
  Melee: Dagger            |       |    60 |       |       ||    60
         Short sword       |       |     9 |    47 |    21 ||    77
   Cast: Magic Dart        |   117 |   190 |   154 |    27 ||   488
         Mephitic Cloud    |     1 |    14 |    17 |    15 ||    47
         Call Imp          |       |     3 |    11 |     2 ||    16
         Hailstorm         |       |       |    39 |    31 ||    70
         Stone Arrow       |       |       |     9 |   130 ||   139
         Blink             |       |       |       |     1 ||     1
  Evoke: Wand              |       |       |       |     1 ||     1
    Use: Scroll            |       |       |       |    12 ||    12
         Potion            |       |       |       |     1 ||     1
   Stab: Confused          |       |    10 |    12 |     5 ||    27
         Sleeping          |       |       |     1 |       ||     1
 Armour: Robe              |     4 |    47 |       |       ||    51
         Leather armour    |       |     9 |    50 |    73 ||   132
  Dodge: Dodged            |     9 |    63 |    47 |    53 ||   172
         Repelled          |       |       |       |     4 ||     4

Table legend: (Time is in decaauts)
 A = Elapsed time spent in this place.
 B = Non-inter-level travel time spent in this place.
 C = Inter-level travel time spent in this place.
 D = Time resting spent in this place.
 E = Time spent auto-exploring this place.
 F = Levels seen in this place.
 G = Mean time per level.
                   A        B        C        D        E       F      G
               +--------+--------+--------+--------+--------+-----+--------+
         Total |  14347 |  13704 |    643 |    443 |  11221 |  14 | 1024.8 |
       Dungeon |  13751 |  13118 |    633 |    296 |  11065 |  12 | 1145.9 |
        Temple |     53 |     43 |     10 |      0 |      0 |   1 |   53.0 |
        Bailey |    542 |    542 |      0 |    147 |    156 |   1 |  542.0 |
               +--------+--------+--------+--------+--------+-----+--------+

Top non-repeatable levels by time:
    D:10: 1430 daAuts
     D:7: 1413 daAuts
    D:11: 1364 daAuts
     D:3: 1337 daAuts
     D:1: 1278 daAuts
     D:6: 1210 daAuts
     D:4: 1195 daAuts
     D:9: 1127 daAuts
     D:8: 966 daAuts
     D:5: 933 daAuts
    D:12: 803 daAuts
     D:2: 689 daAuts
  Bailey: 542 daAuts
  Temple: 53 daAuts
